 Dungeon Crawl Stone Soup version 0.15.2 (webtiles) character file.

5231 HiobMontag the Hoplite (level 10, -1/88 HPs)
             Began as a Hill Orc Fighter on Dec 10, 2014.
             Was a Believer of Beogh.
             Slain by a komodo dragon (22 damage)
             ... on Level 10 of the Dungeon.
             The game lasted 00:51:37 (12155 turns).

HiobMontag the Hoplite (Hill Orc Fighter)          Turns: 12155, Time: 00:51:37

HP  -1/88        AC 17     Str 26      XL: 10   Next: 61%
MP  16/16        EV  7     Int  8      God: Beogh [**....]
Gold 450         SH 15     Dex 10      Spells:  1 memorised, 12 levels left

rFire  + . .     SeeInvis .     p - +0 spear
rCold  . . .     Clarity  .     r - +0 chain mail
rNeg   . . .     rCorr    +     c - +3 shield
rPois  .         rRot     .     K - +0 helmet
rElec  .         Spirit   .     g - +0 cloak
SustAb .         Warding  .     (no gloves)
rMut   .         Stasis   .     x - +2 pair of boots
Gourm  .                        F - amulet of resist corrosion
MR     .....                    J - +3 ring of strength
                                k - ring of protection from fire

@: not resistant to hostile enchantments, extremely unstealthy
A: no striking features
a: Smiting, Renounce Religion


You were on level 10 of the Dungeon.
You worshipped Beogh.
Beogh was pleased with you.
You were not hungry.

You visited 1 branch of the dungeon, and saw 10 of its levels.

You collected 450 gold pieces.

Inventory:

Hand weapons
 a - a +0 trident
 o - a +0 whip of electrocution
 p - a +0 spear (weapon)
 A - a +0 blowgun
Missiles
 B - 19 poisoned needles
 Q - 5 curare-tipped needles
 R - 8 tomahawks (quivered)
Armour
 b - a +0 scale mail
 c - a +3 shield (worn)
 g - a +0 cloak (worn)
 r - a +0 chain mail (worn)
 x - a +2 pair of boots (worn)
 I - a +1 robe of fire resistance
 K - a +0 helmet (worn)
Magical devices
 e - a wand of teleportation (0)
 n - a wand of polymorph (6)
 q - a wand of enslavement (19)
 s - a wand of draining (7) {unknown}
 v - a wand of lightning (8) {unknown}
 z - a wand of fireball (6) {unknown}
 D - a wand of lightning (8) {unknown}
 G - a wand of slowing (2)
 N - a wand of slowing (5)
 U - a wand of polymorph (15)
Comestibles
 d - 6 meat rations
 j - 6 bread rations
 t - 7 fruits
 M - 2 royal jellies
 O - 2 beef jerkies
 P - 8 slices of pizza
 T - a rotting chunk of elf flesh
Scrolls
 f - a scroll of teleportation
 h - 4 scrolls of noise {unknown}
 i - 6 scrolls of random uselessness {unknown}
 m - 6 scrolls of remove curse
 u - a scroll of enchant weapon {unknown}
 w - a scroll of blinking
 S - a scroll of amnesia {unknown}
Jewellery
 k - a ring of protection from fire (left hand)
 F - an amulet of resist corrosion (around neck)
 J - a +3 ring of strength (right hand)
Potions
 l - a potion of berserk rage {unknown}
 C - a potion of brilliance
 L - a potion of restore abilities {unknown}
Books
 y - a book of Spatial Translocations

   Spells                             Type                      Level
   Apportation                        Translocation                1
   Blink                              Translocation                2
   Shroud of Golubria                 Charms/Translocation         2
   Portal Projectile                  Translocation                3
   Teleport Other                     Translocation                3
   Passage of Golubria                Translocation                4
 E - a book of Cantrips

   Spells                             Type                      Level
   *Corona                            Hexes                        1
   Animate Skeleton                   Necromancy                   1
   Summon Small Mammal                Summoning                    1
   Apportation                        Translocation                1
 H - a book of Control

   Spells                             Type                      Level
   Control Teleport                   Charms/Translocation         4
   Control Undead                     Necromancy                   4
   Enslavement                        Hexes                        4
   Metabolic Englaciation             Hexes/Ice                    5
   Mass Confusion                     Hexes                        6


   Skills:
 + Level 7.8 Fighting
 + Level 3.1 Maces & Flails
 + Level 6.7 Polearms
 + Level 2.8 Throwing
 + Level 7.3 Armour
 + Level 5.5 Dodging
 + Level 3.9 Stealth
 + Level 8.7 Shields
 + Level 3.2 Unarmed Combat
 + Level 2.1 Spellcasting
 + Level 2.8 Hexes
 + Level 3.8 Invocations
 + Level 3.2 Evocations


You had 12 spell levels left.
You knew the following spells:

 Your Spells              Type           Power        Failure   Level  Hunger
a - Corona                Hex            #......      98%         1    ##.....


Dungeon Overview and Level Annotations

Branches:
Dungeon (10/15)            Temple (0/1) D:6            Lair (0/8) D:10
    Orc: D:9-12

Altars:
Ashenzari
Makhleb
Nemelex Xobeh
Qazlal
Vehumet
The Shining One

Shops:
D:10 %

Annotations:
D:10 HiobMontag's ghost, powerful HOFi


Message History

The komodo dragon is lightly wounded.
You block the komodo dragon's attack.
You hit the komodo dragon.
The komodo dragon is lightly wounded.
The komodo dragon bites you!
You hit the komodo dragon but do no damage.
The komodo dragon is lightly wounded.
The komodo dragon bites you!!
* * * LOW HITPOINT WARNING * * *
You are too injured to fight recklessly!
You are too injured to fight recklessly!
You are too injured to fight recklessly!
You are too injured to fight recklessly!
You are too injured to fight recklessly!
You are too injured to fight recklessly!
You smell something rotten. (slot T)
You block the komodo dragon's attack.
Found a scroll of identify.
The komodo dragon bites you!!
You die...

#........####..#.....#
#........# ##.#.....#
#........# #.'.....#
.........# ###.....#
######+## #.....# ##'####
##+###### #.###
#####.......# #...#
........@...##########.##
........l...'?.##........
............##.##........
.............##........W..
.>............#####........
.).......?....# #........
..$...........# #........
...$...........# #........
...............# #........


You could see a komodo dragon.

Vanquished Creatures
  Joseph (D:8)
  Grinder (D:6)
  A deep elf mage (D:10)
  A human (D:7)
  2 hippogriffs
  A water moccasin (D:6)
  An orc warrior (D:9)
  A phantom (D:8)
  A black bear (D:9)
  2 sky beasts
  2 ogres (D:6)
  2 centaurs
  Sigmund (D:4)
  2 giant frogs
  4 killer bees (D:8)
  3 scorpions
  7 wights (D:6)
  An orc priest (D:7)
  A jelly (D:6)
  5 hounds
  2 iguanas
  2 orc wizards
  8 worker ants
  An elf skeleton (D:7)
  4 sheep (D:7)
  A hound zombie (D:5)
  4 gnolls (D:2)
  An orc zombie (D:6)
  A scorpion zombie (D:5)
  10 adders
  4 worms
  An adder zombie (D:8)
  2 oozes
  19 orcs
  11 bats
  4 giant cockroaches
  16 hobgoblins
  12 jackals
  15 kobolds
  5 quokkas
  4 giant geckos
  A giant gecko zombie (D:6)
  6 giant newts
  9 goblins
  A jackal zombie (D:9)
  31 rats
  A rat skeleton (D:5)
216 creatures vanquished.

Vanquished Creatures (collateral kills)
  A killer bee (D:8)
  A centaur skeleton (D:5)
2 creatures vanquished.

Vanquished Creatures (others)
  A sky beast (D:8)
  A killer bee (D:8)
  An orc (D:4)
3 creatures vanquished.

Grand Total: 221 creatures vanquished

Notes
Turn   | Place    | Note
--------------------------------------------------------------
     0 | D:1      | HiobMontag, the Hill Orc Fighter, began the quest for the Orb.
     0 | D:1      | Reached XP level 1. HP: 19/19 MP: 1/1
    39 | D:1      | Reached XP level 2. HP: 17/27 MP: 2/2
   574 | D:1      | Reached XP level 3. HP: 25/33 MP: 3/3
   784 | D:1      | Reached skill level 1 in Dodging
  1119 | D:2      | Reached skill level 4 in Fighting
  1436 | D:2      | Reached XP level 4. HP: 30/40 MP: 4/4
  1985 | D:2      | Reached XP level 5. HP: 39/46 MP: 5/5
  2681 | D:3      | Reached XP level 6. HP: 49/52 MP: 6/6
  2899 | D:4      | Became a worshipper of Beogh the Brigand
  3165 | D:4      | Found a glowing golden altar of the Shining One.
  3310 | D:4      | Noticed Sigmund
  3319 | D:4      | Killed Sigmund
  3319 | D:4      | Reached skill level 5 in Shields
  3720 | D:4      | Reached XP level 7. HP: 60/60 MP: 7/7
  4222 | D:5      | Entered Level 5 of the Dungeon
  4299 | D:5      | Found a stormy altar of Qazlal.
  4384 | D:5      | Reached skill level 5 in Fighting
  4547 | D:5      | Reached skill level 5 in Armour
  5661 | D:5      | You fall through a shaft!
  5811 | D:6      | Reached skill level 6 in Shields
  5811 | D:6      | Reached XP level 8. HP: 22/68 MP: 8/8
  6183 | D:6      | Learned a level 1 spell: Corona
  6582 | D:6      | Found a staircase to the Ecumenical Temple.
  7118 | D:6      | Acquired Beogh's first power
  7689 | D:6      | Noticed Grinder
  7695 | D:6      | Paralysed by Grinder for 3 turns
  7707 | D:6      | Paralysed by Grinder for 3 turns
  7710 | D:6      | Reached skill level 7 in Fighting
  7710 | D:6      | Reached skill level 5 in Polearms
  7710 | D:6      | Reached XP level 9. HP: 24/79 MP: 9/15
  7717 | D:6      | Killed Grinder
  8445 | D:7      | Found a shattered altar of Ashenzari.
  8828 | D:7      | Reached XP level 10. HP: 50/86 MP: 16/16
  9038 | D:7      | Reached skill level 5 in Dodging
  9165 | D:8      | Reached skill level 8 in Shields
  9871 | D:8      | Noticed Joseph
  9950 | D:8      | Acquired Beogh's second power
 10359 | D:8      | Killed Joseph
 10878 | D:9      | Got an ancient lapis lazuli ring
 10883 | D:9      | Found a shattered altar of Ashenzari.
 10892 | D:9      | Found a radiant altar of Vehumet.
 10898 | D:9      | Found a sparkling altar of Nemelex Xobeh.
 10899 | D:9      | Found a glowing golden altar of the Shining One.
 11022 | D:9      | Identified the cursed ring of Irrepressible Laughter {Str-6 Dex-3} (You found it on level 9 of the Dungeon)
 11127 | D:9      | Found a burning altar of Makhleb.
 11797 | D:10     | Entered Level 10 of the Dungeon
 11797 | D:10     | Found Schedoik's Food Shop.
 12114 | D:10     | Noticed HiobMontag's ghost (powerful HOFi)
 12141 | D:10     | Found a staircase to the Lair.
 12155 | D:10     | Slain by a komodo dragon

Action                   |  1- 3 |  4- 6 |  7- 9 | 10-12 || total
-------------------------+-------+-------+-------+-------++-------
Melee: Trident           |    94 |       |       |       ||    94
       Spear             |    69 |   518 |   891 |   661 ||  2139
 Fire: Blowgun           |       |       |     8 |       ||     8
Invok: Convert to Beogh  |       |     1 |       |       ||     1
       Smiting           |       |       |       |     2 ||     2
Evoke: Wand              |       |       |     1 |     4 ||     5
  Use: Scroll            |     4 |     3 |     8 |     6 ||    21
       Potion            |       |     3 |     5 |     2 ||    10
  Eat: Chunk             |     1 |     8 |     7 |    11 ||    27
       Meat ration       |       |       |     2 |       ||     2
       Royal jelly       |       |       |     1 |       ||     1
       Beef jerky        |       |       |       |     1 ||     1
